Workbook

Sheet Matriz
B2: Escala de probabilidades
B3: | | C3: DESCRIPTOR | D3: DESCRIPCIÓN | E3: FRECUENCIA | J3: Matriz de riesgos adversos
B4: 1 | C4: Raro | D4: El evento puede ocurrir solo en circunstancias excepcionales. | E4: No se ha presentado en los últimos 5 años. | I4: Probabilidad | J4: Casi Cierto | K4: 5 | L4: 25 | M4: 50 | N4: 100
B5: 2 | C5: Improbable | D5: El evento puede ocurrir en algún momento. | E5: Se presentó una vez en los últimos 5 años | J5: Probable | K5: 4 | L5: 20 | M5: 40 | N5: 80
B6: 3 | C6: Posible | D6: El evento podría ocurrir en algún momento. | E6: Se presentó una vez en los últimos 2 años | J6: Posible | K6: 3 | L6: 15 | M6: 30 | N6: 60
B7: 4 | C7: Probable | D7: El evento probablemente ocurrirá en la mayoría de las circunstancias. | E7: Se presentó una vez en el último año. | J7: Improbable | K7: 2 | L7: 10 | M7: 20 | N7: 40
B8: 5 | C8: Casi Cierto | D8: Se espera que el evento ocurra en la mayoría de las circunstancias. | E8: Se ha presentado. más de una vez al año. | J8: Raro | K8: 1 | L8: 5 | M8: 10 | N8: 20
L9: 5 | M9: 10 | N9: 20
B10: Escala de consecuencias cuantitativas | L10: Moderado | M10: Mayor | N10: Catastrófico
B11: Calificación Cuantitativa | C11: 5 | D11: 10 | E11: 20 | L11: Consecuencias
C12: Moderado | D12: Mayor | E12: Catastrófico
C13: Los sobrecostos no representan más del 5% del valor del contrato. | D13: Genera un impacto sobre el valor del contrato entre el 5% y el 30%. | E13: El Impacto sobre el valor del contrato supera el 30% del valor del contrato. | L13: Categoría del riesgo
L14: Valoración del riesgo | M14: Categoría
L15: 60, 80 y 100 | M15: Riesgo Extremo
B16: Escala de consecuencias cualitativas | L16: 30,40 y 50 | M16: Riesgo alto
C17: Consecuencias | L17: 15, 20 y 25 | M17: Riesgo moderado
B18: Calificación Cualitativa | C18: Dificulta la ejecución del contrato de manera baja. Aplicando medidas mínimas se puede lograr el objeto contractual | D18: Obstruye la ejecución del contrato sustancialmente pera aun así permite la consecución del objeto contractual | E18: Perturba la ejecución del contrato de manera grave imposibilitando la consecución del objeto contractual | L18: 5 y 10 | M18: Riesgo bajo
C20: 5 | D20: 10 | E20: 20 | L20: Fuente | N20: Etapa
C21: Moderado | D21: Mayor | E21: Catastrófico | L21: Interna | N21: Planeación
L22: Externa | N22: Pre-Contractual
B23: Valoración del riesgo | N23: Contractual
B24: PROBABILIDAD | D24: CONSECUENCIA | G24: CALIFICACIÓN | L24: Tipo | N24: Liquidación
B25: Casi Cierto | C25: 5 | D25: Moderado | E25: 5 | G25: =B25&D25 -> Casi CiertoModerado | H25: =IF(AND(I25>=5,I25<=10),$M$18,IF(AND(I25>10,I25<=25),$M$17,IF(AND(I25>25,I25<=50),$M$16,IF(AND(I25>50,I25<=100),$M$15,REVISAR)))) -> Riesgo moderado | I25: =C25*E25 -> 25 | L25: Económicos
B26: Casi Cierto | C26: 5 | D26: Mayor | E26: 10 | G26: =B26&D26 -> Casi CiertoMayor | H26: =IF(AND(I26>=5,I26<=10),$M$18,IF(AND(I26>10,I26<=25),$M$17,IF(AND(I26>25,I26<=50),$M$16,IF(AND(I26>50,I26<=100),$M$15,REVISAR)))) -> Riesgo alto | I26: =C26*E26 -> 50 | L26: Tecnológicos e Infraestructura pública | N26: Clase
B27: Casi Cierto | C27: 5 | D27: Catastrófico | E27: 20 | G27: =B27&D27 -> Casi CiertoCatastrófico | H27: =IF(AND(I27>=5,I27<=10),$M$18,IF(AND(I27>10,I27<=25),$M$17,IF(AND(I27>25,I27<=50),$M$16,IF(AND(I27>50,I27<=100),$M$15,REVISAR)))) -> Riesgo Extremo | I27: =C27*E27 -> 100 | L27: Sociales y Políticos | N27: General
B28: Probable | C28: 4 | D28: Moderado | E28: 5 | G28: =B28&D28 -> ProbableModerado | H28: =IF(AND(I28>=5,I28<=10),$M$18,IF(AND(I28>10,I28<=25),$M$17,IF(AND(I28>25,I28<=50),$M$16,IF(AND(I28>50,I28<=100),$M$15,REVISAR)))) -> Riesgo moderado | I28: =C28*E28 -> 20 | L28: Actos de la naturaleza | N28: Específico
B29: Probable | C29: 4 | D29: Mayor | E29: 10 | G29: =B29&D29 -> ProbableMayor | H29: =IF(AND(I29>=5,I29<=10),$M$18,IF(AND(I29>10,I29<=25),$M$17,IF(AND(I29>25,I29<=50),$M$16,IF(AND(I29>50,I29<=100),$M$15,REVISAR)))) -> Riesgo alto | I29: =C29*E29 -> 40 | L29: Hecho de las cosas
B30: Probable | C30: 4 | D30: Catastrófico | E30: 20 | G30: =B30&D30 -> ProbableCatastrófico | H30: =IF(AND(I30>=5,I30<=10),$M$18,IF(AND(I30>10,I30<=25),$M$17,IF(AND(I30>25,I30<=50),$M$16,IF(AND(I30>50,I30<=100),$M$15,REVISAR)))) -> Riesgo Extremo | I30: =C30*E30 -> 80 | L30: Operacionales
B31: Posible | C31: 3 | D31: Moderado | E31: 5 | G31: =B31&D31 -> PosibleModerado | H31: =IF(AND(I31>=5,I31<=10),$M$18,IF(AND(I31>10,I31<=25),$M$17,IF(AND(I31>25,I31<=50),$M$16,IF(AND(I31>50,I31<=100),$M$15,REVISAR)))) -> Riesgo moderado | I31: =C31*E31 -> 15 | L31: Financieros
B32: Posible | C32: 3 | D32: Mayor | E32: 10 | G32: =B32&D32 -> PosibleMayor | H32: =IF(AND(I32>=5,I32<=10),$M$18,IF(AND(I32>10,I32<=25),$M$17,IF(AND(I32>25,I32<=50),$M$16,IF(AND(I32>50,I32<=100),$M$15,REVISAR)))) -> Riesgo alto | I32: =C32*E32 -> 30 | L32: Regulatorios y Acciones Legales
B33: Posible | C33: 3 | D33: Catastrófico | E33: 20 | G33: =B33&D33 -> PosibleCatastrófico | H33: =IF(AND(I33>=5,I33<=10),$M$18,IF(AND(I33>10,I33<=25),$M$17,IF(AND(I33>25,I33<=50),$M$16,IF(AND(I33>50,I33<=100),$M$15,REVISAR)))) -> Riesgo Extremo | I33: =C33*E33 -> 60 | L33: Reputacional
B34: Improbable | C34: 2 | D34: Moderado | E34: 5 | G34: =B34&D34 -> ImprobableModerado | H34: =IF(AND(I34>=5,I34<=10),$M$18,IF(AND(I34>10,I34<=25),$M$17,IF(AND(I34>25,I34<=50),$M$16,IF(AND(I34>50,I34<=100),$M$15,REVISAR)))) -> Riesgo bajo | I34: =C34*E34 -> 10 | L34: Corrupción y Fraudes
B35: Improbable | C35: 2 | D35: Mayor | E35: 10 | G35: =B35&D35 -> ImprobableMayor | H35: =IF(AND(I35>=5,I35<=10),$M$18,IF(AND(I35>10,I35<=25),$M$17,IF(AND(I35>25,I35<=50),$M$16,IF(AND(I35>50,I35<=100),$M$15,REVISAR)))) -> Riesgo moderado | I35: =C35*E35 -> 20
B36: Improbable | C36: 2 | D36: Catastrófico | E36: 20 | G36: =B36&D36 -> ImprobableCatastrófico | H36: =IF(AND(I36>=5,I36<=10),$M$18,IF(AND(I36>10,I36<=25),$M$17,IF(AND(I36>25,I36<=50),$M$16,IF(AND(I36>50,I36<=100),$M$15,REVISAR)))) -> Riesgo alto | I36: =C36*E36 -> 40
B37: Raro | C37: 1 | D37: Moderado | E37: 5 | G37: =B37&D37 -> RaroModerado | H37: =IF(AND(I37>=5,I37<=10),$M$18,IF(AND(I37>10,I37<=25),$M$17,IF(AND(I37>25,I37<=50),$M$16,IF(AND(I37>50,I37<=100),$M$15,REVISAR)))) -> Riesgo bajo | I37: =C37*E37 -> 5
B38: Raro | C38: 1 | D38: Mayor | E38: 10 | G38: =B38&D38 -> RaroMayor | H38: =IF(AND(I38>=5,I38<=10),$M$18,IF(AND(I38>10,I38<=25),$M$17,IF(AND(I38>25,I38<=50),$M$16,IF(AND(I38>50,I38<=100),$M$15,REVISAR)))) -> Riesgo bajo | I38: =C38*E38 -> 10
B39: Raro | C39: 1 | D39: Catastrófico | E39: 20 | G39: =B39&D39 -> RaroCatastrófico | H39: =IF(AND(I39>=5,I39<=10),$M$18,IF(AND(I39>10,I39<=25),$M$17,IF(AND(I39>25,I39<=50),$M$16,IF(AND(I39>50,I39<=100),$M$15,REVISAR)))) -> Riesgo moderado | I39: =C39*E39 -> 20

Sheet MAtriz operacion
A1: Identificación | I1: Valoración | M1: Tratamiento | P1: Monitoreo y revisión
A2: Nro. | B2: Clase | C2: Fuente | D2: Etapa | E2: Tipo | F2: Qué puede ocurrir | G2: Cuál puede ser la causa, el origen, o fuente del riesgo | H2: Cuáles pueden ser los efectos de la ocurrencia del riesgo | I2: Probabilidad | J2: Impacto | K2: Nivel de riesgo | L2: Encargado de gestionar el riesgo | M2: Tratamiento a implementar | N2: Cuándo se inicia | O2: Cuándo se completa | P2: ¿Cómo se realiza el monitoreo? | Q2: Periodicidad
A3: 1 | B3: Específico | C3: Interna | D3: Contractual | E3: Operacionales | F3: Daños reputacionales o infiltrar el proceso cuestionando transparencia de la comercialización o que se generen manifestaciones sobre hechos irreales | G3: Presentación o difusión de información falsa o parcialmente cierta en medios y redes sociales o lectura imprecisa del negocio al confundir el origen primario desconociendo el proceso de legalización que se surtió de acuerdo con la ley | H3: Retirada de interesados en el proceso al activarse alertas de sistemas LA FT | I3: Probable | J3: Catastrófico | K3: =VLOOKUP(I3&J3,Matriz!$G$25:$I$39,2,0) -> Riesgo Extremo | L3: SAE y Comercializadora | M3: Disponer de las explicaciones detalladas de cómo el proceso se desarrolla en el marco legal y no se relaciona ni se vincula con las actividades que dieron origen a su entrega o secuestro por orden de autoridad | N3: Con la estructuración | O3: el día de la monetización de las divisas | P3: Supervisor del contrato | Q3: durante todo el proceso
A4: 2 | B4: Específico | C4: Interna | D4: Contractual | E4: Operacionales | F4: Suspensión o imposibilidad de hacer la subasta el día previsto | G4: Fallas técnicas en el mecanismo virtual de la subasta | H4: Se frustra la subasta | I4: Raro | J4: Catastrófico | K4: =VLOOKUP(I4&J4,Matriz!$G$25:$I$39,2,0) -> Riesgo moderado | L4: Comercializadora | M4: Si falla el mecanismo se suspende hasta la corrección técnica, se activa mecanismo de contingencia que debe estar diseñado y probado previo a la subasta | N4: Con las selección de la comercializadora | O4: el día de la subasta | P4: Supervisor del contrato | Q4: durante todo el proceso
A5: 3 | B5: Específico | C5: Interna | D5: Contractual | E5: Operacionales | F5: Suspensión o imposibilidad de hacer la subasta el día previsto | G5: Fallas técnicas en el modo, red o mecanismo de conexión virtual de un participante | H5: Se frustra la participación de un interesado activo, antes o durante el proceso de puja | I5: Raro | J5: Moderado | K5: =VLOOKUP(I5&J5,Matriz!$G$25:$I$39,2,0) -> Riesgo bajo | L5: Compartido, de forma que la CI debe contra con un protocolo para activar el mecanismo contingente para un participante en particular , el participante debe proveer cambiarse al modo voz | M5: El participante, debe activar el mecanismo por vía de voz remota ( VOZ IP, Telefónica tradicional) | N5: Con las selección de la comercializadora | O5: el día de la subasta | P5: Supervisor del contrato | Q5: durante todo el proceso
A6: 4 | B6: Específico | C6: Interna | D6: Contractual | E6: Operacionales | F6: Fallas, no disponibilidad o falta de acceso en el lugar de subasta presencial | G6: Inhabilitaciones, fallas cierres, colapso del lugar físico | H6: se frustra la subasta | I6: Raro | J6: Catastrófico | K6: =VLOOKUP(I6&J6,Matriz!$G$25:$I$39,2,0) -> Riesgo moderado | L6: Comercializadora | M6: Suspenderse la subasta y asumir los costos de la reposición, o restablecimiento del lugar o su reemplazo | N6: Con las selección de la comercializadora | O6: el día de la subasta | P6: Supervisor del contrato | Q6: durante todo el proceso
A7: 5 | B7: Específico | C7: Interna | D7: Contractual | E7: Operacionales | F7: Pérdida durante el traslado del material precioso del Banco República a las instalaciones de la CI o pérdidas dentro de la comercializadora | G7: Actos de terceros, infidelidad o actos de la naturaleza o conmoción social | H7: Pérdida del material precioso | I7: Improbable | J7: Catastrófico | K7: =VLOOKUP(I7&J7,Matriz!$G$25:$I$39,2,0) -> Riesgo alto | L7: Comercializadora | M7: Contratar seguro IRF, con anexos de infidelidad, predios y transporte, seguro autónomo de transportes. Se admite que sea un seguro que se tenga ya suscrito por la CI, sin necesidad de que sea específico para este contrato, en todo caso la CI repone la pérdida | N7: con el traslado del material precioso | O7: Hasta entrega del material | P7: Supervisor del contrato | Q7: durante todo el proceso
A8: 6 | B8: Específico | C8: Interna | D8: Contractual | E8: Operacionales | F8: Pérdida durante el traslado del material precioso de las instalaciones de la CI y su traslado al aeropuerto y embarque | G8: Actos de terceros, infidelidad o actos de la naturaleza o conmoción social | H8: Perdida del material precioso | I8: Improbable | J8: Catastrófico | K8: =VLOOKUP(I8&J8,Matriz!$G$25:$I$39,2,0) -> Riesgo alto | L8: Comercializadora | M8: La comercializadora debe responder a SAE por toda pérdida | N8: con el traslado del material precioso | O8: Hasta entrega del material | P8: Supervisor del contrato | Q8: durante todo el proceso
A9: 7 | B9: Específico | C9: Interna | D9: Contractual | E9: Operacionales | F9: Pérdida durante el traslado del material precioso desde el embarque hasta su entrega en destino final | G9: Actos de terceros, infidelidad o actos de la naturaleza o conmoción social | H9: Perdida del material precioso | I9: Improbable | J9: Catastrófico | K9: =VLOOKUP(I9&J9,Matriz!$G$25:$I$39,2,0) -> Riesgo alto | L9: Comercializadora paga a SAE, por cuenta del Comprador | M9: La comercializadora debe responder a SAE por toda pérdida, y activar mecanismo de pago del comprador | N9: con el traslado del material precioso | O9: Hasta entrega del material | P9: Supervisor del contrato | Q9: durante todo el proceso
A10: 8 | B10: Específico | C10: Interna | D10: Contractual | E10: Operacionales | F10: Diferencias en los análisis de pureza al verificar en CI arrojando valores distintos a lo certificado por la fundidora | G10: El análisis | H10: es de esperar que esa diferencia sea inferior al 1% por defecto o por exceso | I10: Casi Cierto | J10: Moderado | K10: =VLOOKUP(I10&J10,Matriz!$G$25:$I$39,2,0) -> Riesgo moderado | L10: SAE, asume la diferencia a favor o en contra | M10: reliquidación del precio | N10: con las labres de verificación y análisis | O10: con las labres de verificación y análisis | P10: Supervisor del contrato | Q10: durante todo el proceso
A11: 9 | B11: Específico | C11: Interna | D11: Contractual | E11: Operacionales | F11: Diferencias en los análisis de pureza al verificar el comprador en la entrega | G11: análisis muestra nuevamente la diferencia | H11: es de esperar que esa diferencia sea inferior al 1% por defecto o por exceso | I11: Casi Cierto | J11: Moderado | K11: =VLOOKUP(I11&J11,Matriz!$G$25:$I$39,2,0) -> Riesgo moderado | L11: SAE, asume la diferencia a favor o en contra | M11: reliquidación de precios | N11: con las labres de verificación y análisis | O11: con las labres de verificación y análisis | P11: Supervisor del contrato | Q11: durante todo el proceso
A12: 10 | B12: Específico | C12: Interna | D12: Contractual | E12: Operacionales | F12: Cambia el valor de recursos posterior a la subasta | G12: Diferencia en Cambio COP/USD | H12: Al momento de monetizar por SAE hasta tener el 100% de lo ofertado hay fluctuación de TRM | I12: Casi Cierto | J12: Moderado | K12: =VLOOKUP(I12&J12,Matriz!$G$25:$I$39,2,0) -> Riesgo moderado | L12: Comercializadora | M12: SAE hace un acompañamiento para cerrar el precio de USD /COP | N12: desde le cierre de la operación | O12: hasta la monetización en cuentas de SAE | P12: Supervisor del contrato | Q12: durante todo el proceso
F13: La puja se mueve por valores de poca diferencia | G13: Entra a ofrecer un % sobre el TROY promedio de la última semana se cierra una oferta en USD, intervalos de puja piso y valor de cada puja según o establece el pliego, y se recibe el valor en USD | H13: Se extiende la subasta mas de lo esperado | I13: Improbable | J13: Moderado | K13: =VLOOKUP(I13&J13,Matriz!$G$25:$I$39,2,0) -> Riesgo bajo | L13: Comercializadora | M13: Dejar que la negociación fluya por un lapso estimado de aproximadamente una hora | N13: desde le inicio de la subasta | O13: hasta finalizar la subasta | P13: Supervisor del contrato | Q13: durante todo el proceso
F14: TRM | G14: Diferencia en Cambio COP | H14: habrá un diferencia frente a la TRM del momento de la venta, el momento del pago total (máximo y el día de monetización vendiéndolo a primera hora | I14: Casi Cierto | J14: Moderado | K14: =VLOOKUP(I14&J14,Matriz!$G$25:$I$39,2,0) -> Riesgo moderado | L14: Comercializadora | M14: La Ci negocia un precio forward del USD por el 100%, con aval de SAE | N14: desde le cierre de la operación | O14: hasta la monetización en cuentas de SAE | P14: Supervisor del contrato | Q14: durante todo el proceso
A15: 7 | B15: Específico | C15: Interna | D15: Contractual | E15: Operacionales | F15: No se cierra la venta | G15: Incumplimiento de la promesa ofertada | H15: Se frustra la venta adjudicatario del primer lugar | I15: Raro | J15: Mayor | K15: =VLOOKUP(I15&J15,Matriz!$G$25:$I$39,2,0) -> Riesgo bajo | L15: Comercializadora | M15: Se repite proceso de subasta | N15: desde el cierre de la subasta | O15: hasta el pago de parte del adjudicatario | P15: Supervisor del contrato | Q15: durante todo el proceso
A16: 8 | B16: Específico | C16: Interna | D16: Contractual | E16: Operacionales | F16: El material queda en la Comercializadora mas tiempo de lo esperado | G16: No se logra realizar la subasta | H16: El material precioso estaría expuesto en instalaciones de la comercializadora | I16: Raro | J16: Catastrófico | K16: =VLOOKUP(I16&J16,Matriz!$G$25:$I$39,2,0) -> Riesgo moderado | L16: Comercializadora | M16: Traslado de nuevo al Banco de la República, y el costo del traslado lo reembolsa SAE | N16: desde el inicio de la custodia para la comercializadoras | O16: hasta la llegada al banco de la republica | P16: Supervisor del contrato | Q16: durante todo el proceso
A17: 9 | B17: Específico | C17: Interna | D17: Contractual | E17: Operacionales | F17: un participante no es admisible por normas LA FT | G17: Un interesado no cumple requisitos GAFi LA FT | H17: Retirada de interesados en el proceso al activarse alertas de sistemas LA FT | I17: Posible | J17: Catastrófico | K17: =VLOOKUP(I17&J17,Matriz!$G$25:$I$39,2,0) -> Riesgo Extremo | L17: Comercializadora | M17: EL banco de la comercializadora aplica controles LA FT | N17: desde la estructuración | O17: hasta el cierre de las operaciones de pago | P17: Supervisor del contrato | Q17: durante todo el proceso
A18: 10 | B18: Específico | C18: Interna | D18: Contractual | E18: Operacionales | F18: Gastos de trasporte diferentes a los previsto | G18: el lugar de destino seleccionado por el comprador resulta mas oneroso | H18: mayor valor de transporte | I18: Probable | J18: Moderado | K18: =VLOOKUP(I18&J18,Matriz!$G$25:$I$39,2,0) -> Riesgo moderado | L18: Comercializadora | M18: SAE reembolsa y el traslado se hace con un trasportador por cuenta y riesgo de este | N18: Transporte en Colombia | O18: Hasta destino fina | P18: Supervisor del contrato | Q18: durante todo el proceso
A19: 11 | B19: Específico | C19: Interna | D19: Contractual | E19: Operacionales | F19: Se frustra el transporte | G19: La trasportadora seleccionada por el comprador no tiene convenio o vínculo con la comercializadoras | H19: No se puede cerrar la venta en las condiciones pactadas con el comprador | I19: Improbable | J19: Moderado | K19: =VLOOKUP(I19&J19,Matriz!$G$25:$I$39,2,0) -> Riesgo bajo | L19: SAE | M19: En el proceso de constatación se debe conocer las trasportadora según requisitos de mercado para no tener exposición | N19: desdela estructuración | O19: hasta la selección de la comercializadora | P19: Supervisor del contrato | Q19: durante todo el proceso
A20: 13 | B20: Específico | C20: Interna | D20: Contractual | E20: Operacionales | F20: No se cierra la venta | G20: La comercializadora no tiene cupo en bancos para hacer la operación total | H20: NO se puede monetizar la venta | I20: Casi Cierto | J20: Catastrófico | K20: =VLOOKUP(I20&J20,Matriz!$G$25:$I$39,2,0) -> Riesgo Extremo | L20: SAE | M20: Se opta por dividir la venta en tres lotes; dos principales y uno con el material de subproductos | N20: desde la estructuraciones | O20: hasta la publicación de las condiciones del pliego de subasta | P20: Supervisor del contrato | Q20: durante todo el proceso
A21: 14 | B21: Específico | C21: Interna | D21: Contractual | E21: Operacionales | F21: Indefinición del momento en que el material cambia de propietario durante el trasporte | G21: Falta de claridad en los INCOTERMS que rigen para el pago y el transporte | H21: Disputas en caso e pérdida del material precioso | I21: Probable | J21: Catastrófico | K21: =VLOOKUP(I21&J21,Matriz!$G$25:$I$39,2,0) -> Riesgo Extremo | L21: SAE | M21: Definir como INCOTERM CPT | N21: desde el despacho | O21: hasta le desino final | P21: Supervisor del contrato | Q21: durante todo el proceso
B22: Específico | C22: Interna | D22: Contractual | E22: Operacionales | F22: No pago del 5% al no entregarse el material como estaba previsto | G22: Pérdida de material precioso en el segmento cuyo riesgo esta a cargo del comprador | H22: disputas con el comprador | I22: Raro | J22: Mayor | K22: =VLOOKUP(I22&J22,Matriz!$G$25:$I$39,2,0) -> Riesgo bajo | L22: Comercializadora | M22: Se hace efectiva la factura de venta a la comercializadora y al comprador, a elección a de SAE | N22: desde el momento de exigibilidad del pago | O22: hasta le pago | P22: Supervisor del contrato | Q22: durante todo el proceso
